 Dungeon Crawl Stone Soup version 0.29-a0-617-g7a6b98fccd (console) character file.

Game seed: 14306895547042812591

84 om the Sneak (level 4, 0/24 HPs)
             Began as a Vampire Enchanter on June 17, 2022.
             Engulfed by Natasha's steam (12 damage)
             ... on level 2 of the Dungeon.
             The game lasted 00:05:26 (1679 turns).

om the Sneak (Vampire Enchanter)                    Turns: 1679, Time: 00:05:26

Health: 0/24       AC:  2    Str:  7    XL:     4   Next: 24%
Magic:  1/7        EV: 13    Int: 17    God:
Gold:   28         SH:  0    Dex: 16    Spells: 5/7 levels left

rFire   . . .      SeeInvis +   a - +2 dagger
rCold   + + .      Faith    .   (no shield)
rNeg    + + +      Spirit   .   b - +0 robe
rPois   ∞          Reflect  .   (no helmet)
rElec   .          Harm     .   (no cloak)
rCorr   .          Rampage  .   (no gloves)
Will    .....                   (no boots)
Stlth   +++.......              (no amulet)
HPRegen 0.00/turn               (no ring)
MPRegen 0.10/turn               (no ring)

@: bloodless, inhibited regen, very slow
A: bloodless, fangs 3, see invisible, vampiric 2
a: Bat Form, Revivify


You were on level 2 of the Dungeon.
You visited 1 branch of the dungeon, and saw 2 of its levels.

You collected 64 gold pieces.
You spent 36 gold pieces at shops.

Inventory:

Hand Weapons
 a - a +2 dagger (weapon)
Armour
 b - a +0 robe (worn)
Jewellery
 g - an amulet of guardian spirit
 n - a +6 ring of dexterity
Scrolls
 e - a scroll of enchant weapon
 i - a scroll of immolation
 j - a scroll of fog {unknown}
 k - a scroll of teleportation {unknown}
 m - a scroll of poison {unknown}
Potions
 c - 2 potions of invisibility
 d - a potion of berserk rage {unknown}
 f - a potion of attraction {unknown}
 h - 2 potions of might {unknown}
 l - a potion of heal wounds {unknown}


   Skills:
 * Level 3.6 Short Blades
 + Level 3.1 Dodging
 - Level 5.0 Stealth
 - Level 2.0 Spellcasting
 - Level 4.4 Hexes


You had 5 spell levels left.
You knew the following spells:

 Your Spells              Type           Power      Damage    Failure   Level
a - Ensorcelled Hibernat  Hex/Ice        18%        N/A       12%         2

Your spell library contained the following spells:

 Spells                   Type           Power      Damage    Failure   Level
 Confusing Touch          Hex            16%        N/A       10%         3
 Tukima's Dance           Hex            16%        N/A       10%         3
 Sandblast                Erth           2%         2d4       19%         1
 Dazzling Flash           Conj/Hex       18%        N/A       24%         3
 Passwall                 Tmut/Erth      0%         N/A       28%         2
 Ignite Poison            Fire/Tmut/Pois 1%         N/A       50%         3
 Mephitic Cloud           Conj/Pois/Air  1%         N/A       50%         3
 Stone Arrow              Conj/Erth      2%         3d7       50%         3
 Freezing Cloud           Conj/Ice/Air   0%         6-21      99%         5


Dungeon Overview and Level Annotations

Branches:
Dungeon (2/15)

Altars:

Shops:
D:2 ?

Annotations:
D:2 Natasha


Innate Abilities, Weirdness & Mutations

You do not regenerate when monsters are visible.
You are frail without blood (-20% HP).
You can heal yourself when you bite living creatures.
You are immune to poison.
You have razor-sharp teeth.
You have supernaturally acute eyesight. (SInv)
You are afflicted with vampirism and can become a bat while bloodless.


Message History

You hit the kobold. You punch the kobold. You bite the kobold.
You kill the kobold!
The helpless worm fails to defend itself.
You impale the worm!!
You kill the worm!
g - an amulet of guardian spirit;
m - a scroll labelled YNAS DERURPH
There is a stone staircase leading down here.
You see here a +0 whip.
You pick up a book of Geomancy and begin reading...
You add the spells Sandblast, Passwall and Stone Arrow to your library.
You now have 28 gold pieces (gained 10).
n - a +6 ring of dexterity No target in view!
You see here a giant cockroach corpse.
Natasha, Servant of Life and Death comes into view.
She is carrying a wand of flame (17).
You enter the shallow water.
Moving in this stuff is going to be slow.
Natasha hisses angrily.
Casting: Ensorcelled Hibernation (safe; 12% risk of failure)
Confirm with . or Enter, or press ? or * to list all spells.
Aiming: Ensorcelled Hibernation (safe; 12% risk of failure)
Press: ? - help, Shift-Dir - straight line, f - Natasha
Aim: Natasha, carrying a wand of flame (17) (chance to affect: 43%) Natasha resists with some effort.
Natasha zaps a wand.
The puff of flame misses you. Natasha claws you.
Casting: Ensorcelled Hibernation (safe; 12% risk of failure)
Confirm with . or Enter, or press ? or * to list all spells.
Aiming: Ensorcelled Hibernation (safe; 12% risk of failure)
Press: ? - help, Shift-Dir - straight line, f/p - Natasha
Aim: Natasha, carrying a wand of flame (16) (chance to affect: 43%) Natasha resists with some effort.
Natasha zaps a wand.
The puff of flame hits you.
Casting: Ensorcelled Hibernation (safe; 12% risk of failure)
Confirm with . or Enter, or press ? or * to list all spells.
Aiming: Ensorcelled Hibernation (safe; 12% risk of failure)
Press: ? - help, Shift-Dir - straight line, f/p - Natasha
Aim: Natasha, carrying a wand of flame (15) (chance to affect: 43%) Natasha resists with some effort.
You are engulfed in a cloud of scalding steam.
Ouch! That really hurt!
You die...

##### #.# ....# #.#
###.# #.#
###.########.#####
.................####
###.#####.#.........#
# #.# #.#...##.#<.###
# #.# #.#####♣..P...##
# #.# #.# #♣..≈≈♣≈P..#
# #.#
#.###♣..≈§♣≈≈≈... #
#.# #...P..≈@§≈≈≈≈...
# #.#
#.#...P≈≈h≈♣≈♣..P #
#.# #.#....≈≈♣≈♣..♣.#
###.## #.#♣...[≈≈P..♣#
#
##...####.####P..♣..♣#
..........# #####...#
##...###### #..#
###.## .# ###.# P##.#
≈##.#


You could see Natasha.

Vanquished Creatures
  Natasha (twice) (D:2)
  A worm (D:2)
  An endoplasm (D:2)
  2 giant cockroaches
  4 goblins (D:1)
  3 hobgoblins
  A kobold (D:2)
  2 quokkas
  2 ball pythons
  4 bats
  3 frilled lizards
  11 rats
36 creatures vanquished.

Vanquished Creatures (others)
  4 plants (D:2)
4 creatures vanquished.

Grand Total: 40 creatures vanquished

Notes
Turn   | Place    | Note
-------+----------+-------------------------------------------
     0 | D:1      | om the Vampire Enchanter began the quest for the Orb.
     0 | D:1      | Reached XP level 1. HP: 13/13 MP: 3/3
   324 | D:1      | Reached XP level 2. HP: 19/19 MP: 5/5
   327 | D:1      | Learned a level 2 spell: Ensorcelled Hibernation
   577 | D:1      | Found a faded altar of an unknown god.
   978 | D:2      | Noticed Natasha
  1003 | D:2      | Killed Natasha
  1004 | D:2      | Reached skill level 5 in Stealth
  1004 | D:2      | Gained mutation: You are afflicted with vampirism and can
                  | become a bat while bloodless. [Vampire growth]
  1004 | D:2      | Reached XP level 3. HP: 19/19 MP: 1/6
  1303 | D:2      | Noticed Natasha
  1306 | D:2      | Killed Natasha
  1307 | D:2      | Reached XP level 4. HP: 24/24 MP: 7/7
  1320 | D:2      | Found Loepet's Magic Scroll Shoppe.
  1333 | D:2      | Bought a scroll of identify for 24 gold pieces
  1333 | D:2      | Bought a scroll of noise for 12 gold pieces
  1671 | D:2      | Noticed Natasha
  1679 | D:2      | Engulfed by Natasha's steam

Illustrated notes

Levels and vault maps discovered:
D:1:      dpeg_arrival_ratfight, layout_basic,
          hellmonk_ecumenical_altar_blasted, minmay_shallow_snake_nest
D:2:      layout_loops_ring, serial_bayou, serial_bayou_pond_a,
          serial_bayou_pond_d, serial_bayou_pond_d, serial_bayou_pond_d,
          serial_shops, shop, minmay_diced_spiral, uniq_natasha

Skill      XL: |  1  2  3 |
---------------+----------+-----
Short Blades   | 2 3 |  3.6
Stealth        | 5 |  5.0
Dodging        | 3 |  3.1
Spellcasting   | |  2.0
Hexes          | |  4.4

Action                   |  1- 3 |  4- 6 || total
-------------------------+-------+-------++-------
Melee: Dagger            |    41 |    17 ||    58
       Bite              |     2 |     2 ||     4
       Punch             |       |     2 ||     2
 Cast: Ensorcelled Hiber |     2 |     3 ||     5
 Abil: Exsanguinate      |     1 |       ||     1
  Use: Scroll            |     2 |     1 ||     3
 Stab: Sleeping          |    12 |     2 ||    14
       Distracted        |     1 |     1 ||     2
Armor: Robe              |     1 |     2 ||     3
Dodge: Dodged            |    28 |    11 ||    39

Table legend: (Time is in decaauts)
 A = Elapsed time spent in this place.
 B = Non-inter-level travel time spent in this place.
 C = Inter-level travel time spent in this place.
 D = Time resting spent in this place.
 E = Time spent auto-exploring this place.
 F = Levels seen in this place.
 G = Mean time per level.
                   A        B        C        D        E       F      G
               +--------+--------+--------+--------+--------+-----+--------+
         Total |   1678 |   1651 |     27 |    178 |   1219 |   2 |  839.0 |
       Dungeon |   1678 |   1651 |     27 |    178 |   1219 |   2 |  839.0 |
               +--------+--------+--------+--------+--------+-----+--------+

Top non-repeatable levels by time:
     D:1: 904 daAuts
     D:2: 774 daAuts
